 Dungeon Crawl Stone Soup version 0.21-a0-516-gaaff437 (webtiles) character file.

8 Gerstahl the Twirler (level 2, 22/23 HPs)
             Began as a Demonspawn Gladiator on Dec 4, 2017.
             Quit the game on level 1 of the Dungeon.
             The game lasted 00:00:18 (266 turns).

Gerstahl the Twirler (Demonspawn Gladiator)          Turns: 266, Time: 00:00:19

Health: 22/23      AC:  3    Str: 14    XL:     2   Next: 0%
Magic:  2/2        EV: 12    Int:  9    God:
Gold:   42         SH:  0    Dex: 14    Spells: 1/1 levels left

rFire    . . .     SeeInvis .   a - +0 quarterstaff
rCold    . . .     Gourm    .   (shield currently unavailable)
rNeg     . . .     Faith    .   b - +0 leather armour
rPois    .         Spirit   .   (helmet restricted)
rElec    .         Reflect  .   (no cloak)
rCorr    .         Harm     .   (no gloves)
MR       .....                  (no boots)
Stlth    +.........             (no amulet)
HPRegen  0.07/turn              (no ring)
MPRegen  0.08/turn              (no ring)

@: no status effects
A: antennae 1
a: no special abilities


You were on level 1 of the Dungeon.
You were not hungry.

You visited 1 branch of the dungeon, and saw 1 of its levels.

You collected 42 gold pieces.

Inventory:

Hand Weapons
 a - a +0 quarterstaff (weapon)
Missiles
 d - 3 throwing nets (quivered)
Armour
 b - a +0 leather armour (worn)
 c - a +0 helmet
Scrolls
 e - a scroll of identify {unknown}
 i - a scroll of enchant armour {unknown}
Potions
 g - a potion of might {unknown}
 h - a potion of heal wounds {unknown}
 j - 2 potions of ambrosia {unknown}
Comestibles
 f - 2 bread rations


   Skills:
 + Level 2.3 Fighting
 + Level 3.0 Staves
 - Level 1.7 Throwing
 - Level 2.6 Dodging


You had one spell level left.
You didn't know any spells.

Dungeon Overview and Level Annotations

Branches:
Dungeon (1/15)

Altars:


Innate Abilities, Weirdness & Mutations

You have a pair of small antennae on your head.


Message History

The kobold moves out of view.
You thump the kobold!
You kill the kobold!
The bat misses you.
A kobold comes into view.
It is wielding a short sword of holy wrath.
There is a stone staircase leading down here.
You closely miss the bat. The bat hits you but does no damage.
The bat barely misses you. The kobold barely misses you.
The kobold shouts!
You hit the kobold but do no damage. The bat barely misses you.
The bat hits you but does no damage. The kobold hits you but does no damage.
The kobold barely misses you.
You sock the kobold!
You kill the kobold!
Your Staves skill increases to level 3!
You have reached level 2!
Your demonic ancestry asserts itself...
A pair of antennae grows on your head!
Your +0 helmet falls away!
The bat barely misses you.
Are you sure you want to abandon this character and quit the game? (Confirm with "yes".)

.# #.# . ##.####..
###.K...... #
........ # b.... #
#.)# #######@.#
.........#####
#####.#.....)#
#.######.##########
#.................#
#######.########.#
#.# #.# #.#
#####.## #.#
#.......


You could see a bat and a kobold.

Vanquished Creatures
  A giant cockroach (D:1)
  A goblin (D:1)
  2 hobgoblins (D:1)
  A frilled lizard (D:1)
  2 kobolds (D:1)
7 creatures vanquished.

Notes
Turn   | Place    | Note
-------+----------+-------------------------------------------
     0 | D:1      | Gerstahl the Demonspawn Gladiator began the quest for the Orb.
     0 | D:1      | Reached XP level 1. HP: 16/16 MP: 1/1
   265 | D:1      | Reached skill level 3 in Staves
   265 | D:1      | Gained mutation: You have a pair of small antennae on your head. [demonic ancestry]
   265 | D:1      | Reached XP level 2. HP: 22/23 MP: 2/2
   266 | D:1      | Quit the game

Vault maps used:
D:1:      dpeg_arrival_tiny_f

Skill      XL: |  1 |
---------------+----+-----
Staves         | 3 |  3.0
Fighting       | |  2.3
Throwing       | |  1.7
Dodging        | |  2.6

Action                   || total
-------------------------++-------
Melee: Quarterstaff      ||    19
Armor: Leather armour    ||     7
Dodge: Dodged            ||    14

Table legend:
 A = Spawn XP
 B = Non-spawn XP
 C = Spawn XP percentage of total XP
 D = Spawn monster count
 E = Non-spawn monster count
 F = Spawn count percentage of total count
 G = Total turns spent on level
                    A         B        C        D         E        F      G
               +---------+---------+-------+---------+---------+-------+---------
         Total |       0 |      12 |   0.0 |       0 |       7 |   0.0 |   266
               +---------+---------+-------+---------+---------+-------+---------
           D:1 |       0 |      12 |   0.0 |       0 |       7 |   0.0 |   266
               +---------+---------+-------+---------+---------+-------+---------
